Match 45773732
Unlisted

Match 45773732
End
Kradschützen Motorcycle Team
Panzergrenadier Squad
Selects Armored Support Battlegroup
Panzergrenadier Squad
Construct Light Support Kompanie
2.5-tonne Medical Truck
Forward Retreat Point
Fire Support Elements
le.IG 18 Mechanized Group
Construct Mechanized Kompanie
Panzerpioneer Squad
StuG III D Assault Gun
Combat Half-tracks
Vehicle Survival Package
Selects Salvage Kits
Selects Panzer Storm
Marder III Tank Destroyer
Panzerpioneer Squad
Veteran Squad Leaders
Selects Superior Fire Drills
Construct Panzerarmee Kommand
Panzerpioneer Squad
Walking Stuka Rocket Launcher
Selects Stuka Dive Bomb
Walking Stuka Rocket Launcher
Stuka Dive Bomb
Panzergrenadier Squad
Armored Reserves
Stuka Dive Bomb
Panzerpioneer Squad
Flak 36 Anti-tank Gun Team
SemperLooney
Magnum Avocado
Puhil
GodoSaurio
sewage bill
LITTLE TRICKSTER
GAF_Thom_Yorke
Da Cracka Whacka
0
0

Comments sign in to comment!

No comments posted yet!